 Dungeon Crawl Stone Soup version 0.32-a0-481-g9ce6b883f8 (webtiles) character file.

Game seed: 10095653054100762340

16507 Drangen the Carver (level 12, -8/94 HPs)
             Began as a Coglin Gladiator on Feb 26, 2024.
             Was the Champion of Okawaru.
             Mangled by an iron dragon zombie (12 damage)
             ... on level 1 of the Abyss.
             The game lasted 00:19:33 (12337 turns).

Drangen the Carver (Coglin Gladiator)              Turns: 12337, Time: 00:19:34

Health: -8/94      AC: 17    Str: 21    XL:     12   Next: 38%
Magic:  12/12      EV: 11    Int: 13    God:    Okawaru [******]
Gold:   786        SH:  0    Dex: 19    Spells: 11/11 levels left

rFire   . . .        z - +7 spear of Glory {speed, ^Drain rN+++ Str+4}
rCold   . . .        s - +8 long sword "Osuecac" {spect, *Slow rElec rPois Int+4}
rNeg    + + +        D - +0 chain mail
rPois   +            c - +1 helmet
rElec   +            (no cloak)
rCorr   .            v - +0 pair of gloves
SInv    .            K - +2 pair of boots {Stlth+}
Will    .....        n - amulet of regeneration Stlth
                     (ring unavailable)
HPRegen 1.15/turn    (ring unavailable)
MPRegen 0.13/turn

%: slow self (1%)
@: slowed, studying Dodging, invisible, revved, very slow
A: off-hand wielding, slow wielding, warmup strikes, no rings, agile 1,
MP-powered wands
a: Renounce Religion, Heroism, Finesse, Duel, Receive Weapon, Receive Armour


You were on level 1 of the Abyss.
You worshipped Okawaru.
Okawaru was exalted by your worship.
You visited 2 branches of the dungeon, and saw 12 of its levels.
You visited the Abyss 1 time.
You also visited: Bailey.

You collected 1087 gold pieces.
You spent 301 gold pieces at shops.

Inventory:

Hand Weapons
 s - the +8 long sword "Osuecac" (offhand) {spect, *Slow rElec rPois Int+4}
   (You found it on level 2 of the Dungeon)

   Int+4:     It affects your intelligence (+4).
   rElec:     It insulates you from electricity.
   rPois:     It protects you from poison *Slow: It may slow you when you take
   damage.
 z - the +7 spear of Glory (weapon) {speed, ^Drain rN+++ Str+4}
   (You found it on level 4 of the Dungeon)

   Str+4:     It affects your strength (+4).
   rN+++:     It renders you almost immune to negative energy.
   ^Drain:    It drains your maximum health when unequipped.
Missiles
 a - 36 poisoned darts
 e - 6 javelins
 t - 5 atropa-tipped darts
 B - 17 boomerangs
 G - 2 curare-tipped darts
 J - 22 stones
Armour
 c - a +1 helmet (worn)
 v - a +0 pair of gloves (worn)
 D - a +0 chain mail (worn)
 K - a +2 pair of boots of stealth (worn)
Jewellery
 n - an amulet of regeneration (around neck)
Wands
 b - a wand of charming (8)
Scrolls
 f - 13 scrolls of identify
 i - 5 scrolls of teleportation
 k - 2 scrolls of summoning
 m - a scroll of enchant weapon {unknown}
 q - 2 scrolls of vulnerability
 r - 5 scrolls of poison
 y - 5 scrolls of enchant armour
 A - 2 scrolls of fog {unknown}
 E - 2 scrolls of fear {unknown}
 F - 3 scrolls of revelation
 H - a scroll of brand weapon {unknown}
Potions
 g - 3 potions of ambrosia
 h - 3 potions of brilliance
 j - 7 potions of might
 l - a potion of attraction
 o - a potion of invisibility
 u - 2 potions of enlightenment
 x - 2 potions of curing
 C - a potion of mutation
Miscellaneous
 w - a condenser vane (inert)


   Skills:
 + Level 8.3 Fighting
 + Level 11.2 Long Blades
 - Level 3.8(6.5) Axes
 + Level 7.5(7.9) Polearms
 + Level 7.4 Throwing
 + Level 6.7 Armour
 + Level 4.8 Dodging
 - Level 0.2 Stealth


You had 11 spell levels left.
You didn't know any spells.
Your spell library contained the following spells:

 Spells                   Type           Power      Damage    Failure   Level
 Ensorcelled Hibernation  Hex/Ice        0%         N/A       95%         2
 Dazzling Flash           Conj/Hex       0%         N/A       99%         3
 Fugue of the Fallen      Necr           0%         N/A       99%         3
 Volatile Blastmotes      Fire/Tloc      0%         2d10      99%         3
 Anguish                  Hex/Necr       0%         N/A       100%        4
 Brom's Barrelling Bould  Conj/Erth      0%         2d3       100%        4
 Passage of Golubria      Tloc           0%         N/A       100%        4
 Fireball                 Conj/Fire      0%         3d3       100%        5
 Iskenderun's Battlesphe  Conj           0%         2d6       100%        5
 Yara's Violent Unravell  Hex/Alch       0%         3d3       100%        5
 Conjure Ball Lightning   Conj/Air       0%         3x3d6     100%        6
 Starburst                Conj/Fire      0%         6d3       100%        6
 Orb of Destruction       Conj           0%         9d5       100%        7
 Maxwell's Capacitive Co  Air            0%         ∞         100%        8
 Tukima's Dance           Hex            Unusable   N/A       N/A         3

Dungeon Overview and Level Annotations

Branches:
Dungeon (11/15)            Temple (1/1) D:6            Lair (0/5) D:8
    Orc (0/2) D:11         Bailey (visited)

Altars:
Ashenzari
Cheibriados
Dithmenos
Elyvilon
Fedhas
Gozag
Hepliaklqana
Kikubaaqudgha
Makhleb
Nemelex Xobeh
Okawaru
Qazlal
Ru
Sif Muna
Trog
Uskayaw
Vehumet
Wu Jian
Xom
Yredelemnul
Zin
The Shining One

Shops:
D:2 (   D:6 :   D:9 *

Annotations:
D:7 2 transporters, koorschki's ghost, novice OnMo
D:9 3 runed translucent doors, RedFox's ghost, journeyman MDFi
D:11 Erolcha


Innate Abilities, Weirdness & Mutations

You can wield a second weapon in your off-hand.
It takes a long time for you to wield or remove held weapons.
Your first few attacks do less damage.
Your grasper-arms cannot wear rings.
You are agile. (Dex +4, Str/Int -1)
You expend magic power (3 MP) to strengthen your wands.


Message History

Your +8 long sword "Osuecac" {spect, *Slow rElec rPois Int+4} hits the iron dragon zombie.
You hit the iron dragon zombie but do no damage.
The iron dragon zombie is lightly damaged.
You strike the helpless iron dragon zombie from behind!
You hit the iron dragon zombie but do no damage.
Your +8 long sword "Osuecac" {spect, *Slow rElec rPois Int+4} hits the iron dragon zombie.
The iron dragon zombie bites your +8 long sword "Osuecac" {spect, *Slow rElec rPois Int+4}!
Your spectral weapon shares its damage with you!
* * * LOW HITPOINT WARNING * * *
The iron dragon zombie claws your +8 long sword "Osuecac" {spect, *Slow rElec rPois Int+4}!
Your spectral weapon shares its damage with you!
* * * LOW HITPOINT WARNING * * *
The iron dragon zombie closely misses your +8 long sword "Osuecac" {spect, *Slow rElec rPois Int+4}.
You catch the helpless iron dragon zombie completely off-guard!
You hit the iron dragon zombie but do no damage.
The iron dragon zombie is moderately damaged.
You hit the iron dragon zombie with the +8 long sword "Osuecac".
Your +8 long sword "Osuecac" {spect, *Slow rElec rPois Int+4} hits the iron dragon zombie but does no damage.
You catch the helpless iron dragon zombie completely off-guard!
You hit the iron dragon zombie with the +8 long sword "Osuecac".
The iron dragon zombie is moderately damaged.
You strike the helpless iron dragon zombie from behind!
You hit the iron dragon zombie with the +7 spear of Glory.
Your +8 long sword "Osuecac" {spect, *Slow rElec rPois Int+4} hits the iron dragon zombie but does no damage.
The iron dragon zombie bites you.
* * * LOW HITPOINT WARNING * * *
The iron dragon zombie claws you but does no damage.
The iron dragon zombie closely misses you.
You puncture the iron dragon zombie with the +7 spear of Glory!
The iron dragon zombie is moderately damaged.
You hit the iron dragon zombie with the +8 long sword "Osuecac".
Your +8 long sword "Osuecac" {spect, *Slow rElec rPois Int+4} hits the iron dragon zombie.
Unknown command.
You hit the iron dragon zombie but do no damage.
The iron dragon zombie is moderately damaged.
You hit the iron dragon zombie but do no damage.
Your +8 long sword "Osuecac" {spect, *Slow rElec rPois Int+4} hits the iron dragon zombie but does no damage.
The iron dragon zombie closely misses you.
The iron dragon zombie misses you. The iron dragon zombie tramples you!
You die...

.. . #.###### #... .
#.##.... #.##...#
... ## ##..#. . ...
....#..#.##. . # #
#..##.....#. ..
.#.... . # ...#
########(~##.#..
.#..#
#....~.Z@..........
##
#.###..~#.........##
# ##...##..~.##....
.# #....
#.~~#.#....# # #>.#
# ..♣#..# ## . .
.~♣~..#.##. . ..#~#
.## . .#.≈ .# .
....... ≈ #


You could see an iron dragon zombie (unable to see you, ally target) and a
friendly +8 long sword "Osuecac" {spect, *Slow rElec rPois Int+4}.

Vanquished Creatures
  A tentacled starspawn (Abyss:1)
  2 two-headed ogres
  A thrashing horror (Abyss:1)
  Lodul (D:10)
  Pikel (D:9)
  2 large abominations (Abyss:1)
  An orc knight (Bailey)
  An ugly thing (D:10)
  An elephant (D:8)
  2 komodo dragons
  An unseen horror (D:11)
  A kobold demonologist (D:9)
  Prince Ribbit (D:8)
  2 trolls (D:11)
  A small abomination (Abyss:1)
  Eustachio (D:5)
  2 wraiths (D:11)
  20 yaks
  A wyvern (D:9)
  Menkaure (D:5)
  An acid dragon (D:8)
  2 water moccasins (D:5)
  12 orc warriors
  2 black bears (D:8)
  3 ice beasts
  A sky beast (D:8)
  5 ogres
  3 centaurs (D:7)
  2 lemures (D:8)
  A gnoll sergeant (D:10)
  A brain worm (Abyss:1)
  4 kobold brigands
  A scorpion (D:5)
  4 bullfrogs
  15 wights
  3 killer bees (D:9)
  A howler monkey (D:10)
  A bombardier beetle (D:9)
  4 hounds
  A quasit (Abyss:1)
  3 gnoll boudas
  9 orc priests
  3 iguanas
  3 sleepcaps
  8 orc wizards
  22 gnolls
  9 adders
  A shadow imp (D:7)
  A white imp (D:8)
  3 dart slugs
  3 ribbon worms
  37 orcs
  7 endoplasms
  4 giant cockroaches
  8 goblins
  11 hobgoblins
  2 jackals (D:1)
  36 kobolds
  2 quokkas
  8 ball pythons
  5 bats
  6 frilled lizards
  4 rats
  A starspawn tentacle (Abyss:1)
307 creatures vanquished.

Vanquished Creatures (others)
  3 starspawn tentacles (Abyss:1)
3 creatures vanquished.

Grand Total: 310 creatures vanquished

Notes
Turn   | Place    | Note
-------+----------+-------------------------------------------
     0 | D:1      | Drangen the Coglin Gladiator began the quest for the Orb.
     0 | D:1      | Reached XP level 1. HP: 16/16 MP: 1/1
   229 | D:1      | Reached XP level 2. HP: 18/22 MP: 2/2
   275 | D:1      | Found a faded altar of an unknown god.
   843 | D:2      | Reached XP level 3. HP: 15/28 MP: 3/3
  1193 | D:2      | Identified the +7 ring mail of Cuttocauv {Str+2 Stlth+}
  1408 | D:2      | Reached XP level 4. HP: 25/34 MP: 4/4
  1509 | D:2      | Identified the +8 long sword "Osuecac" {spect, *Slow rElec
                  | rPois Int+4}
  1631 | D:2      | Reached skill level 1 in Armour
  1790 | D:2      | Found Alogam's Antique Weapon Shop.
  1869 | D:2      | Reached XP level 5. HP: 34/40 MP: 5/5
  2171 | D:3      | Reached skill level 1 in Long Blades
  2764 | D:3      | Reached skill level 2 in Long Blades
  2764 | D:3      | Reached XP level 6. HP: 19/47 MP: 6/6
  3275 | D:4      | Identified the +7 spear of Glory {speed, ^Drain rN+++
                  | Str+4}
  3361 | D:4      | HP: 2/47 [ogre/+0 giant club (28)]
  3363 | D:4      | Reached skill level 3 in Long Blades
  3749 | D:4      | Found a hazy altar of Hepliaklqana.
  3838 | D:4      | Reached XP level 7. HP: 52/52 MP: 7/7
  4009 | D:4      | Reached skill level 4 in Long Blades
  4202 | D:5      | Entered Level 5 of the Dungeon
  4235 | D:5      | Reached skill level 1 in Polearms
  4464 | D:5      | Reached skill level 5 in Long Blades
  4464 | D:5      | Reached XP level 8. HP: 60/60 MP: 8/8
  4546 | D:5      | Noticed Menkaure
  4549 | D:5      | Killed Menkaure
  4613 | D:5      | Found a snail-covered altar of Cheibriados.
  4798 | D:5      | Noticed Eustachio
  4808 | D:5      | Killed Eustachio
  4907 | D:5      | Reached skill level 6 in Long Blades
  5132 | D:6      | Noticed a komodo dragon
  5139 | D:6      | Killed a komodo dragon
  5392 | D:6      | Reached skill level 5 in Fighting
  5392 | D:6      | Reached XP level 9. HP: 68/68 MP: 9/9
  5397 | D:6      | Reached skill level 7 in Long Blades
  5507 | D:6      | Found Arololuoto's Book Shoppe.
  5594 | D:6      | Found a white marble altar of Elyvilon.
  5921 | D:6      | Found a staircase to the Ecumenical Temple.
  5929 | Temple   | Entered the Ecumenical Temple
  6169 | D:7      | Found an iron altar of Okawaru.
  6169 | D:7      | Found a runed translucent door.
  6175 | D:7      | Found the +0 toga "Victory" {*Victory Clar}
  6177 | D:7      | Became a worshipper of Warmaster Okawaru
  6342 | D:7      | Found a transporter.
  6354 | D:7      | Found a flagged portal.
  6356 | D:7      | Noticed koorschki's ghost (novice OnMo)
  6357 | D:7      | Noticed a two-headed ogre
  6370 | Bailey   | Entered a bailey
  6448 | Bailey   | Noticed an orc knight
  6677 | Bailey   | Killed an orc knight
  6677 | Bailey   | Reached * piety under Okawaru
  6831 | Bailey   | Reached skill level 8 in Long Blades
  7023 | Bailey   | Gained mutation: You expend magic power (3 MP) to
                  | strengthen your wands. [potion of mutation]
  7023 | Bailey   | Gained mutation: You are agile. (Dex +4, Str/Int -1)
                  | [potion of mutation]
  7458 | D:7      | Reached XP level 10. HP: 62/76 MP: 10/10
  7757 | D:7      | Found a transporter.
  7925 | D:7      | Reached ** piety under Okawaru
  8412 | D:7      | Reached skill level 5 in Throwing
  8824 | D:8      | Noticed an elephant
  8834 | D:8      | Killed an elephant
  8835 | D:8      | Reached skill level 5 in Armour
  8898 | D:8      | Reached *** piety under Okawaru
  8972 | D:8      | Found a radiant altar of Vehumet.
  8972 | D:8      | Found a stormy altar of Qazlal.
  8972 | D:8      | Found a shimmering altar of Xom.
  8973 | D:8      | Found a shadowy altar of Dithmenos.
  9074 | D:8      | Reached skill level 5 in Polearms
  9201 | D:8      | Reached skill level 9 in Long Blades
  9452 | D:8      | Noticed Prince Ribbit
  9459 | D:8      | Killed Prince Ribbit
  9548 | D:8      | Reached **** piety under Okawaru
  9670 | D:8      | Noticed a two-headed ogre
  9679 | D:8      | Killed a two-headed ogre
  9680 | D:8      | Reached XP level 11. HP: 71/83 MP: 11/11
  9841 | D:8      | Found a staircase to the Lair.
  9962 | D:9      | Noticed Pikel
  9991 | D:9      | Killed Pikel
 10503 | D:9      | Found Rereep's General Store.
 10518 | D:9      | Bought a +2 pair of boots of stealth for 301 gold pieces
 10599 | D:9      | Reached ***** piety under Okawaru
 10766 | D:9      | Noticed a two-headed ogre
 10783 | D:9      | Killed a two-headed ogre
 10784 | D:9      | Reached skill level 10 in Long Blades
 10808 | D:9      | Found a runed translucent gate.
 10808 | D:9      | Found an opulent altar of Gozag.
 10812 | D:9      | Found a runed translucent gate.
 10812 | D:9      | Found a runed translucent gate.
 10812 | D:9      | Noticed a skeletal warrior
 10813 | D:9      | Noticed a centaur warrior
 10815 | D:9      | Noticed RedFox's ghost (journeyman MDFi)
 10848 | D:9      | You fall into a shaft and drop 2 floors!
 10872 | D:10     | Entered Level 10 of the Dungeon
 10910 | D:10     | Noticed a red ugly thing
 10921 | D:10     | Killed a red ugly thing
 11254 | D:9      | Received a gift from Okawaru
 11699 | D:10     | Noticed Lodul
 11704 | D:10     | Killed Lodul
 11705 | D:10     | Reached XP level 12. HP: 92/92 MP: 12/12
 11844 | D:11     | Found a staircase to the Orcish Mines.
 12039 | D:11     | Noticed a boulder beetle
 12043 | D:11     | Noticed Erolcha
 12046 | Abyss:1  | Cast into level 1 of the Abyss (Erolcha)
 12051 | Abyss:1  | Found a corrupted altar of Lugonu.
 12082 | Abyss:1  | Found a corrupted altar of Lugonu.
 12112 | Abyss:1  | Noticed a tentacled starspawn
 12127 | Abyss:1  | Killed a tentacled starspawn
 12128 | Abyss:1  | Reached skill level 11 in Long Blades
 12252 | Abyss:1  | Reached ****** piety under Okawaru
 12307 | Abyss:1  | Noticed a thrashing horror
 12313 | Abyss:1  | Killed a thrashing horror
 12323 | Abyss:1  | HP: 4/93 [large abomination (31)]
 12333 | Abyss:1  | HP: 3/94 [iron dragon zombie (6)]
 12337 | Abyss:1  | Mangled by an iron dragon zombie

Illustrated notes

Levels and vault maps discovered:
D:1:      minmay_arrival_open_corners, layout_loops_ring,
          ebering_ecumenical_altar_mist, minmay_misc_feat_rows,
          grunt_decor_one_mirror, minivault_26, grunt_decor_resistance,
          minmay_splitting_lines
D:2:      minmay_thinvault, layout_basic, serial_shops,
          nicolae_shop_hallway_plus
D:3:      layout_basic
D:4:      layout_basic, mainiacjoe_overflow_alcove_1
D:5:      layout_gridville, chei_slow_surprise, uniq_menkaure, uniq_eustachio
D:6:      layout_cave_pools, mainiacjoe_overflow_24_doors,
          minmay_temple_entry_enclosed_plants, serial_shops, kennysheep_mini,
          dreamdust_wishing_well
D:7:      layout_basic, nicolae_overflow_guarded_unrand_okawaru_victory,
          gammafunk_ghost_arena, enter_bailey_2, minivault_22,
          hangedman_decor_peaks_small
D:8:      nicolae_cairo_tiling_very_big, layout_loops_corners,
          chequers_temple_overflow_statue_of_worship,
          grunt_lair_entry_orc_guard_hut, uniq_prince_ribbit1
D:9:      layout_roguey, ebering_ghost_gozag, serial_shops,
          nicolae_shop_hallway_stairs, uniq_pikel
D:10:     layout_roguey, serial_park_tiny_pond, uniq_lodul
D:11:     layout_gridville, david_orc_2, uniq_erolcha
Temple:   nicolae_temple_bog_church
Abyss:1:  base:
D:2

Skill      XL: |  1  2  3  4  5  6  7  8  9 10 11 12 |
---------------+-------------------------------------+-----
Dodging        | 3 4 |  4.8
Armour         | 1 2 3 4 5 6 |  6.7
Long Blades    | 2 3 5 6 8 9 10 11 | 11.2
Fighting       | 3 4 5 6 7 8 |  8.3
Polearms       | 1 2 3 5 6 7 |  7.5
Throwing       | 2 4 7 |  7.4
Axes           | |  3.8
Stealth        | |  0.2

Action                     |  1- 3 |  4- 6 |  7- 9 | 10-12 || total
---------------------------+-------+-------+-------+-------++-------
  Melee: War axe           |   103 |    50 |       |       ||   153
         Long sword        |       |    67 |   122 |   272 ||   461
         Spear             |       |    15 |   163 |   355 ||   533
         Falchion          |       |     9 |       |       ||     9
  Throw: Stone             |       |     1 |    62 |     5 ||    68
         Boomerang         |       |       |    52 |    94 ||   146
         Throwing net      |       |       |       |     7 ||     7
  Evoke: Wand              |       |       |       |    23 ||    23
         Condenser vane    |       |       |       |     1 ||     1
    Use: Scroll            |       |       |    10 |     3 ||    13
         Potion            |       |       |     8 |     2 ||    10
   Stab: Sleeping          |     2 |     3 |     1 |       ||     6
         Distracted        |       |       |       |     3 ||     3
         Held in net/web   |       |       |       |     3 ||     3
         Invisible         |       |       |       |     7 ||     7
 Armour: Leather armour    |    71 |    51 |    35 |       ||   157
         Chain mail        |       |       |    76 |   213 ||   289
  Dodge: Dodged            |    76 |    62 |    77 |   128 ||   343

Table legend: (Time is in decaauts)
 A = Elapsed time spent in this place.
 B = Non-inter-level travel time spent in this place.
 C = Inter-level travel time spent in this place.
 D = Time resting spent in this place.
 E = Time spent auto-exploring this place.
 F = Levels seen in this place.
 G = Mean time per level.
                   A        B        C        D        E       F      G
               +--------+--------+--------+--------+--------+-----+--------+
         Total |  12292 |  11839 |    453 |      0 |   9553 |  14 |  878.0 |
       Dungeon |  11064 |  10611 |    453 |      0 |   8822 |  11 | 1005.8 |
        Temple |     71 |     71 |      0 |      0 |     13 |   1 |   71.0 |
         Abyss |    278 |    278 |      0 |      0 |    204 |   1 |  278.0 |
        Bailey |    878 |    878 |      0 |      0 |    514 |   1 |  878.0 |
               +--------+--------+--------+--------+--------+-----+--------+

Top non-repeatable levels by time:
     D:7: 1799 daAuts
     D:8: 1360 daAuts
     D:2: 1336 daAuts
     D:3: 1156 daAuts
     D:9: 1044 daAuts
     D:4: 1025 daAuts
     D:5: 1016 daAuts
  Bailey: 878 daAuts
     D:1: 791 daAuts
     D:6: 714 daAuts
    D:10: 604 daAuts
 Abyss:1: 278 daAuts
    D:11: 215 daAuts
  Temple: 71 daAuts
